[Event "Dmg_Chmp_2022"]
[Site "Dimitrovgrad"]
[Date "2022.12.08"]
[Round "7"]
[White "Bagautdinova, Darya"]
[Black "Kuprikov, Alexey"]
[Result "0-1"]
[ECO "A85"]
[WhiteElo "1500"]
[BlackElo "1722"]
[PlyCount "98"]
[TimeControl "90"]

1. c4 e5 2. Nc3 c6 3. e3 d5 4. cxd5 cxd5 5. d4 exd4 6. exd4 Bb4 7. Nge2 Nf6 8.
g3 O-O 9. Bg2 Re8 10. O-O h6 11. Qb3 Nc6 12. Nf4 Bf8 13. Ncxd5 Nxd4 14. Qc4 Ne6
15. Nxf6+ Qxf6 16. Nxe6 Bxe6 17. Qc2 Rac8 18. Qa4 Bc4 19. Rd1 Be2 20. Re1 Bc5
21. Be3 Ba6 22. Bxc5 Rxe1+ 23. Rxe1 Rxc5 24. b3 Re5 25. Rc1 Re2 26. f4 Rxg2+
27. Kxg2 Qb2+ 28. Kh3 Qxc1 29. Qe8+ Kh7 30. Qxf7 Bd3 31. f5
Qg5 32. g4 h5 33. Qxh5+ Qxh5+ 34. gxh5 Bxf5+ 35. Kh4 Kh6 36. a3 Bc2 37. b4 Bd1
38. Kg3 Kxh5 39. h4 b5 40. Kh3 g6 41. Kg3 Bg4 42. Kf4 Kxh4 43. Ke5 g5 44. Kd5
Be2 45. Kc6 g4 46. Kb7 g3 47. Kxa7 g2 48. Ka6 g1=Q 49. Ka5 Qa7# 0-1

[Event "Dmg_Chmp_2022"]
[Site "Dimitrovgrad"]
[Date "2022.12.04"]
[Round "5"]
[White "Abramov, Gordey P."]
[Black "Kuprikova, Anna"]
[Result "1-0"]
[ECO "A21"]
[WhiteElo "1850"]
[BlackElo "1800"]
[PlyCount "89"]
[TimeControl "90"]

1. c4 d5 2. cxd5 Qxd5 3. Nc3 Qa5 4. Nf3 Nf6 5. g3 c6 6. Bg2 Bf5
7. d3 e6 8. Bd2 Qc7 9. Rc1 Qb6 10. Na4 Qd8 11. O-O Be7 12. h3 Nbd7 13. Nh4 Bg6
14. Nxg6 fxg6 15. Qb3 b5 16. Nc3 Nc5 17. Qc2 Rc8 18. b4 Na6 19. Nxb5 O-O 20.
Nxa7 Rc7 21. Nxc6 Qd7 22. Nxe7+ Qxe7 23. Qb3 Rcc8 24. Rxc8 Rxc8 25. Rc1 Rxc1+
26. Bxc1 Nxb4 27. Ba3 Nfd5 28. Bxd5 exd5 29. Qxb4 Qxb4 30. Bxb4 Kf7 31. e4 dxe4
32. dxe4 Ke6 33. a4 Kd7 34. a5 Kc6 35. e5 Kb5 36. e6 Kxb4 37. e7 Kxa5 38. e8=Q
g5 39. Qb8 h5 40. Kf1 h4 41. Ke2 hxg3 42. fxg3 g4 43. Kd3 gxh3 44. Kc4 h2 45.
Qb5# 1-0

[Event "Dmg_Chmp_2022"]
[Site "Dimitrovgrad"]
[Date "2022.12.10"]
[Round "7"]
[White "Markelov, Aleksey"]
[Black "Bredihin, Dmitriy"]
[Result "0-1"]
[ECO "A21"]
[WhiteElo "1950"]
[BlackElo "2107"]
[PlyCount "112"]
[TimeControl "90"]

1. e4 c5 2. Nf3 d6 3. Bb5+ Nd7 4. d4 cxd4 5. Nxd4 Ngf6 6. Nc3 e6 7. Be3 Be7 8.
O-O O-O 9. f3 Qc7 10. Ba4 a6 11. Bb3 Ne5 12. Qe2 b5 13. a3 Rb8 14. Rab1 Re8 15.
Rfd1 Bb7 16. Kh1 Kh8 17. Bf2 Rbc8 18. Rbc1 Nc4 19. Ncxb5 axb5 20. Nxb5 Qc6 21.
Na7 Qa6 22. Nxc8 Rxc8 23. Bxc4 Rxc4 24. c3 h5 25. Bg3 d5 26. exd5 Bxd5 27. Be5
Qb7 28. h3 Kg8 29. Bd4 h4 30. Bxf6 Bxf6 31. Re1 Rf4 32. Rg1 g5 33. c4 Qa6 34.
b3 Bc6 35. a4 Qb7 36. Rgf1 Qxb3 37. Qc2 Qxa4 38. Qxa4 Bxa4 39. c5 Bc6 40. Rfd1
Be7 41. Rd3 Ra4 42. Rb3 Ra8 43. Rb6 Rc8 44. Rb3 Bd5 45. Rb5 f5 46. Ra5 Rc7 47.
Kh2 Kf7 48. Rb5 Kf6 49. Ra5 Ke5 50. Rb5 Kd4 51. Rb4+ Kd3 52. f4 Bxc5 53. Rbb1
Bd6 54. Rd1+ Ke4 55. Re1+ Kxf4 56. Rbd1 Rc4 0-1

[Event "Dmg_Chmp_2022"]
[Site "Dimitrovgrad"]
[Date "2022.12.10"]
[Round "7"]
[White "Rudnev, Yuri"]
[Black "Bondarenko, Anton"]
[Result "1-0"]
[ECO "A40"]
[WhiteElo "2150"]
[BlackElo "1620"]
[PlyCount "33"]
[TimeControl "90"]

1. e4 c6 2. d4 d5 3. e5 Bf5 4. h4 Bd7 5. Nf3 e6 6. Be3 Qb6 7. b3 c5 8. c3 Bb5
9. c4 dxc4 10. bxc4 Bc6 11. d5 exd5 12. cxd5 Bb5 13. Bxb5+ Qxb5 14. Nc3 Qa5 15.
Bd2 Nd7 16. O-O O-O-O 17. Re1 1-0